 Dungeon Crawl Stone Soup version 0.21.1-1-g345015f (webtiles) character file.

149 letownia2 the Poker (level 5, -8/38 HPs)
             Began as a Merfolk Skald on Mar 11, 2018.
             Mangled by an iguana (13 damage)
             ... on level 4 of the Dungeon.
             The game lasted 00:04:03 (753 turns).

letownia2 the Poker (Merfolk Skald)                  Turns: 753, Time: 00:04:03

Health: -8/38      AC:  3    Str: 11    XL:     5   Next: 31%
Magic:  0/8        EV: 12    Int: 13    God:
Gold:   18         SH:  0    Dex: 14    Spells: 2/8 levels left

rFire    + . .     SeeInvis .   a - +0 spear
rCold    . . .     Gourm    .   (no shield)
rNeg     . . .     Faith    .   b - +0 leather armour
rPois    .         Spirit   .   (no helmet)
rElec    .         Reflect  .   (no cloak)
rCorr    .         Harm     .   (no gloves)
MR       .....     Rnd*Rage +   (no boots)
Stlth    +.........             (no amulet)
HPRegen  0.12/turn              (no ring)
MPRegen  0.11/turn              (no ring)

@: about to teleport, very slightly contaminated
A: change form in water, swift swim, stealthy swim, berserk 1, fire resistance 1
a: no special abilities


You were on level 4 of the Dungeon.
You were near starving.

You visited 1 branch of the dungeon, and saw 4 of its levels.

You collected 18 gold pieces.

Inventory:

Hand Weapons
 a - a +0 spear (weapon)
Missiles
 f - 3 javelins (quivered)
Armour
 b - a +0 leather armour (worn)
 e - the +4 scale mail of Yffua {Int+6, unknown}
   (You found it on level 4 of the Dungeon)

   It affects your intelligence (+6).
Scrolls
 h - a scroll of enchant armour {unknown}
 j - a scroll of identify {unknown}
 k - a scroll of blinking {unknown}
Books
 c - a book of Battle

   Spells                             Type                      Level
   a - Infusion                       Charms                       1
   b - Shroud of Golubria             Charms/Translocation         2
   c - Song of Slaying                Charms                       2
   d - Spectral Weapon                Hexes/Charms                 3
   e - Regeneration                   Charms/Necromancy            3
Comestibles
 d - 2 rations


   Skills:
 - Level 2.1 Fighting
 + Level 7.8 Polearms
 - Level 0.6 Armour
 - Level 2.6 Dodging
 - Level 2.0 Spellcasting
 - Level 3.2 Charms


You had 2 spell levels left.
You knew the following spells:

 Your Spells              Type           Power        Failure   Level  Hunger
a - Infusion              Chrm           #...         9%          1    ##.....
t - Shroud of Golubria    Chrm/Tloc      #.........   26%         2    ###....
x - Spectral Weapon       Hex/Chrm       #.......     45%         3    ####...


Dungeon Overview and Level Annotations

Branches:
Dungeon (4/15)
 Temple: D:4-7

Altars:


Innate Abilities, Weirdness & Mutations

You revert to your normal form in water.
You are very nimble and swift while swimming.
You are very stealthy in the water. (Stealth+)
You tend to lose your temper in combat.
Your flesh is heat resistant. (rF+)


Message History

Unknown command.
The adder bites you.
* * * LOW HITPOINT WARNING * * *
Unknown command.
Unknown command.
Unknown command.
You closely miss the adder. The adder barely misses you.
Unknown command.
You miss the adder. The adder bites you.
* * * LOW HITPOINT WARNING * * *
Unknown command.
Unknown command.
You completely miss the adder. The adder misses you.
The iguana barely misses you.
Unknown command.
Unknown command.
You closely miss the adder. The adder bites you.
* * * LOW HITPOINT WARNING * * *
The iguana bites you!
You die...

#. #...# ..#%## # #.
#...# ......
#.###.#######...# #...l
.#.....(.....#...###
##...
........#.##.#..#.#. .[.
.[..###.#.##.#...##.#
#l# ##
#...........##.####.#
#..#.##S#.........#.#
#?##.%.lol@##..##.##.#.#
#.......####...##.##)#.#
#.##.#.## #.....#......#
# #.#.# ##...#####.###
..#.# ##.## #>..#
#.#.##l## ###.### ###.#
#.......# #.....# #.#
###.###.# #.<...# #.# #.
#.# #....(# ###.#


You could see an iguana, an adder, an orc and a leopard gecko.

Vanquished Creatures
  Blork the orc (D:4)
  A hound (D:4)
  A bullfrog skeleton (D:4)
  A worm (D:4)
  A dart slug (D:3)
  An orc (D:3)
  A giant cockroach (D:3)
  A goblin (D:3)
  A hobgoblin (D:2)
  3 jackals (D:2)
  A kobold (D:2)
  A ball python (D:3)
  2 bats (D:3)
  A quokka skeleton (D:4)
  4 rats (D:2)
21 creatures vanquished.

Vanquished Creatures (others)
  3 orc priests (D:4)
  An orc (D:4)
4 creatures vanquished.

Grand Total: 25 creatures vanquished

Notes
Turn   | Place    | Note
-------+----------+-------------------------------------------
     0 | D:1      | letownia2 the Merfolk Skald began the quest for the Orb.
     0 | D:1      | Reached XP level 1. HP: 16/16 MP: 3/3
    72 | D:2      | Reached skill level 4 in Polearms
    72 | D:2      | Reached XP level 2. HP: 14/22 MP: 0/5
   113 | D:3      | Learned a level 2 spell: Shroud of Golubria
   227 | D:4      | Noticed Blork the orc
   251 | D:4      | Reached skill level 5 in Polearms
   251 | D:4      | Reached XP level 3. HP: 26/27 MP: 2/6
   266 | D:4      | Gained mutation: You tend to lose your temper in combat. [potion of mutation]
   266 | D:4      | Gained mutation: Your flesh is heat resistant. (rF+) [potion of mutation]
   308 | D:4      | Learned a level 3 spell: Spectral Weapon
   650 | D:4      | Killed Blork the orc
   650 | D:4      | Reached skill level 7 in Polearms
   650 | D:4      | Reached XP level 4. HP: 33/33 MP: 0/7
   650 | D:4      | Reached XP level 5. HP: 38/38 MP: 0/8
   657 | D:4      | Got a brightly glowing scale mail
   753 | D:4      | Mangled by an iguana

Skill      XL: |  1  2  3 |
---------------+----------+-----
Polearms       | 4 5 7 |  7.8
Fighting       | |  2.1
Armour         | |  0.6
Dodging        | |  2.6
Spellcasting   | |  2.0
Charms         | |  3.2

Action                   |  1- 3 |  4- 6 || total
-------------------------+-------+-------++-------
Melee: Spear             |    72 |    41 ||   113
Throw: Javelin           |     2 |       ||     2
 Cast: Infusion          |     2 |       ||     2
       Shroud of Golubri |     8 |     3 ||    11
       Spectral Weapon   |     1 |       ||     1
  Use: Potion            |     2 |       ||     2
       Scroll            |     1 |     1 ||     2
Armor: Leather armour    |    16 |     3 ||    19
Dodge: Dodged            |    29 |    29 ||    58
